[Event "FIDE WYCC Girls U16 2023"]
[Site "Montesilvano"]
[Date "2023.11.16"]
[Round "4.11"]
[White "Pragnya H G"]
[Black "Kheerthi Ganta"]
[Result "1/2-1/2"]
[ECO "C54"]
[WhiteElo "1679"]
[BlackElo "2030"]
[Annotator "NA RC"]
[PlyCount "127"]
[EventDate "2023.11.13"]
[EventType "swiss"]
[EventCountry "ITA"]
[SourceTitle "playchess.com"]
[Source "ChessBase"]
[SourceQuality "1"]
[TimeControl "40/5400+30:1800+30"]

1. e4 e5 2. Nf3 Nc6 3. Bc4 Bc5 4. c3 Nf6 5. d3 d6 6. Nbd2 a6 7. O-O Ba7 8. Bb3 h6 9. Re1 Be6 10. Nf1 Qe7 11. Be3 Bxe3 12. Nxe3 O-O 13. Nh4 Qd7 14. Qf3 Ne7 15. Bc2 c5 16. a3 Rfe8 17. Red1 Rac8 18. Rac1 d5 19. Nhf5 Bxf5 20. Nxf5 Nxf5 21. Qxf5 Qxf5 22. exf5 h5 23. f3 b5 24. b3 Kf8 25. Kf2 Ke7 26. Bb1 Kd6 27. b4 c4 28. d4 e4 29. Re1 a5 30. Bc2 axb4 31. axb4 Ra8 32. Ra1 exf3 33. Kxf3 Rxa1 34. Rxa1 Ng4 35. h3 Re3+ 36. Kf4 Rxc3 37. hxg4 Rxc2 38. Ra6+ Kc7 39. gxh5 Rxg2 40. Ra7+ Kb6 41. Rxf7 c3 42. Rf8 Kc7 43. Rf7+ Kd6 44. Rf8 Ke7 45. Rc8 Re2 46. Rxc3 Re4+ 47. Kg5 Rxd4 48. Rc7+ Kf8 49. Rc8+ Kf7 50. Rc7+ Kg8 51. h6 gxh6+ 52. Kf6 Rxb4 53. Rg7+ Kh8 54. Rd7 Ra4 55. Rxd5 Ra6+ 56. Kf7 Rb6 57. f6 Kh7 58. Rd7 b4 59. Ke8+ Kg6 60. f7 Rb8+ 61. Ke7 Kg7 62. Rd3 Rb7+ 63. Ke8 Rb8+ 64. Ke7 1/2-1/2

[Event "FIDE WYCC Girls U16 2023"]
[Site "Montesilvano"]
[Date "2023.11.16"]
[Round "4.12"]
[White "Peglau, Dora"]
[Black "Bruntse, Kathrine Lindegaard"]
[Result "1-0"]
[ECO "D02"]
[WhiteElo "1937"]
[BlackElo "1746"]
[Annotator "NA RC"]
[PlyCount "41"]
[EventDate "2023.11.13"]
[EventType "swiss"]
[EventCountry "ITA"]
[SourceTitle "playchess.com"]
[Source "ChessBase"]
[SourceQuality "1"]
[TimeControl "40/5400+30:1800+30"]

1. d4 d5 2. Bf4 Nf6 3. Nf3 c5 4. e3 Nc6 5. Nbd2 Bf5 6. Be2 Qb6 7. dxc5 Qxb2 8. Rb1 Qc3 9. Rxb7 Qxc5 10. O-O a6 11. c4 dxc4 12. Nxc4 Ra7 13. Qb3 Nd5 14. Rxa7 Qxa7 15. Nd6+ exd6 16. Qxd5 Qd7 17. Rc1 Nd8 18. Bxa6 Be6 19. Qd3 Qa7 20. Bxd6 Be7 21. Rc7 1-0

[Event "FIDE WYCC Girls U16 2023"]
[Site "Montesilvano"]
[Date "2023.11.16"]
[Round "4.13"]
[White "Mickunaite, Agne"]
[Black "Bondar, Daria"]
[Result "0-1"]
[ECO "E90"]
[WhiteElo "1673"]
[BlackElo "1908"]
[Annotator "NA RC"]
[PlyCount "106"]
[EventDate "2023.11.13"]
[EventType "swiss"]
[EventCountry "ITA"]
[SourceTitle "playchess.com"]
[Source "ChessBase"]
[SourceQuality "1"]
[TimeControl "40/5400+30:1800+30"]

1. c4 g6 2. Nc3 Bg7 3. d4 Nf6 4. e4 d6 5. h3 O-O 6. Be3 Na6 7. Bd3 c5 8. d5 e6 9. Nf3 exd5 10. exd5 Nb4 11. O-O Nxd3 12. Qxd3 Bf5 13. Qd2 Re8 14. Nh2 a6 15. a4 Ne4 16. Nxe4 Rxe4 17. Rac1 Qb6 18. g4 Bd7 19. Nf3 Qb3 20. Qe2 Bd4 21. Nd2 Rxe3 22. fxe3 Qxe3+ 23. Qxe3 Bxe3+ 24. Kg2 Bxd2 25. Rc2 Bg5 26. Rcf2 f5 27. Rf3 Re8 28. Rb3 fxg4 29. hxg4 Bxg4 30. Rxb7 Bf5 31. Rb6 h5 32. Rxd6 Re4 33. Ra1 Rxc4 34. Rxa6 Rc2+ 35. Kf3 Rxb2 36. d6 Rb3+ 37. Kf2 Be3+ 38. Ke1 Rd3 39. Rc6 Bf4 40. Rxc5 Rxd6 41. a5 Re6+ 42. Kd1 Bd3 43. Ra4 Be3 44. Rd5 Ba6 45. Rb4 Kg7 46. Kc2 g5 47. Rb8 h4 48. Rd7+ Kg6 49. Rd5 Kh5 50. Rd1 Kg4 51. Rb4+ Kg3 52. Rb3 h3 53. Rd5 Kg2 0-1

[Event "FIDE WYCC Girls U16 2023"]
[Site "Montesilvano"]
[Date "2023.11.16"]
[Round "4.14"]
[White "Sippola, Sara-Olivia"]
[Black "Tomcaniova, Lucia"]
[Result "1-0"]
[ECO "B13"]
[WhiteElo "1907"]
[BlackElo "1715"]
[Annotator "NA RC"]
[PlyCount "105"]
[EventDate "2023.11.13"]
[EventType "swiss"]
[EventCountry "ITA"]
[SourceTitle "playchess.com"]
[Source "ChessBase"]
[SourceQuality "1"]
[TimeControl "40/5400+30:1800+30"]

1. e4 c6 2. d4 d5 3. exd5 cxd5 4. Bd3 Nc6 5. c3 g6 6. Bf4 Bg7 7. Nf3 Nh6 8. h3 O-O 9. O-O f6 10. c4 Nf7 11. cxd5 Nb4 12. Nc3 Nxd5 13. Nxd5 Qxd5 14. Qe2 Bf5 15. Bc4 Qe4 16. Qxe4 Bxe4 17. Rfe1 Bxf3 18. gxf3 Rad8 19. Rad1 e5 20. dxe5 fxe5 21. Bg5 Rc8 22. Bb3 Rc7 23. Bd8 Rc6 24. Rd7 Bf6 25. Bxf6 Rxf6 26. Rxb7 Kh8 27. Bxf7 R6xf7 28. Rxf7 Rxf7 29. Rxe5 Kg7 30. Kg2 Rb7 31. b3 Kf6 32. Ra5 Ke6 33. f4 Rf7 34. Kf3 Kd6 35. Ke4 Re7+ 36. Kd4 Kc6 37. Rc5+ Kd6 38. Re5 Rf7 39. Ke4 Rb7 40. Rd5+ Ke6 41. Ra5 Rb4+ 42. Kf3 Rb7 43. h4 h5 44. Ra4 Kf5 45. Rc4 Re7 46. Rc5+ Kf6 47. b4 Rb7 48. a3 Re7 49. a4 Rb7 50. b5 Ke6 51. Ke4 Rd7 52. Rc6+ Kf7 53. a5 1-0

[Event "FIDE WYCC Girls U16 2023"]
[Site "Montesilvano"]
[Date "2023.11.16"]
[Round "4.15"]
[White "Braeutigam, Katerina"]
[Black "Seemann, Pola"]
[Result "1-0"]
[ECO "D00"]
[WhiteElo "1904"]
[BlackElo "1685"]
[Annotator "NA RC"]
[PlyCount "78"]
[EventDate "2023.11.13"]
[EventType "swiss"]
[EventCountry "ITA"]
[SourceTitle "playchess.com"]
[Source "ChessBase"]
[SourceQuality "1"]
[TimeControl "40/5400+30:1800+30"]

1. d4 d5 2. Bf4 Nf6 3. e3 c5 4. c3 Nc6 5. Nd2 Bf5 6. Qb3 Qb6 7. dxc5 Qxb3 8. axb3 e5 9. Bg3 Bxc5 10. Ngf3 Bd6 11. Bb5 Nd7 12. O-O a6 13. Rfd1 O-O 14. Bxc6 bxc6 15. Nd4 Bg6 16. Nxc6 Rfc8 17. Na5 Bc2 18. Rdc1 Bf5 19. Nf3 f6 20. Rd1 Be4 21. Ne1 Nb6 22. f3 Bg6 23. Bf2 Bc7 24. Nd3 Bxd3 25. Rxd3 Rd8 26. Rad1 Rd7 27. Nb7 Kf7 28. e4 Nc8 29. Rxd5 Rxd5 30. exd5 Nd6 31. Nxd6+ Bxd6 32. c4 Rc8 33. Ra1 Ra8 34. c5 Bc7 35. d6 Bd8 36. c6 Ke6 37. c7 Bxc7 38. dxc7 Kd7 39. Bb6 Kd6 1-0

[Event "FIDE WYCC Girls U16 2023"]
[Site "Montesilvano"]
[Date "2023.11.16"]
[Round "4.16"]
[White "Putar, Lara"]
[Black "Nguyen, Ngoc Hien"]
[Result "1-0"]
[ECO "A85"]
[WhiteElo "1892"]
[BlackElo "1642"]
[Annotator "NA RC"]
[PlyCount "127"]
[EventDate "2023.11.13"]
[EventType "swiss"]
[EventCountry "ITA"]
[SourceTitle "playchess.com"]
[Source "ChessBase"]
[SourceQuality "1"]
[TimeControl "40/5400+30:1800+30"]

1. d4 e6 2. c4 f5 3. Nc3 Nf6 4. a3 Be7 5. e3 b6 6. Bd3 Bb7 7. Nf3 O-O 8. O-O Qe8 9. d5 Kh8 10. dxe6 dxe6 11. Nb5 Na6 12. Nbd4 Bd6 13. Ng5 Nc5 14. Be2 Qg6 15. Ngf3 Rad8 16. b4 Nce4 17. Qc2 Ng4 18. h3 Ne5 19. Bb2 Ng5 20. Nxg5 Qxg5 21. g3 Qh6 22. h4 c5 23. Nb5 Bb8 24. f4 Be4 25. Qc3 Qg6 26. Kh2 Ng4+ 27. Bxg4 Qxg4 28. Qe1 Bd3 29. Rf2 Bxc4 30. Nc3 Bd6 31. Ne2 Be7 32. Ng1 Bd5 33. Rd1 cxb4 34. axb4 Bxb4 35. Qe2 Qxe2 36. Nxe2 Bb3 37. Rb1 Bd2 38. Bxg7+ Kxg7 39. Rxb3 Kf6 40. Kg2 Rd6 41. g4 Rfd8 42. g5+ Kf7 43. Nd4 Bxe3 44. Nxf5 Bxf2 45. Nxd6+ Rxd6 46. Kxf2 a5 47. h5 Ke7 48. Rc3 a4 49. Rc7+ Rd7 50. Rxd7+ Kxd7 51. g6 hxg6 52. h6 e5 53. h7 exf4 54. h8=Q b5 55. Qg7+ Kc6 56. Qxg6+ Kc5 57. Qc2+ Kb4 58. Qb2+ Kc4 59. Qa2+ Kb4 60. Kf3 a3 61. Kxf4 Ka4 62. Ke3 b4 63. Qc4 Ka5 64. Kd4 1-0

[Event "FIDE WYCC Girls U16 2023"]
[Site "Montesilvano"]
[Date "2023.11.16"]
[Round "4.17"]
[White "Karaivanova, Petya"]
[Black "Regidor, Kaye Lalaine"]
[Result "1-0"]
[ECO "C55"]
[WhiteElo "1883"]
[BlackElo "1598"]
[Annotator "NA RC"]
[PlyCount "109"]
[EventDate "2023.11.13"]
[EventType "swiss"]
[EventCountry "ITA"]
[SourceTitle "playchess.com"]
[Source "ChessBase"]
[SourceQuality "1"]
[TimeControl "40/5400+30:1800+30"]

1. e4 e5 2. Nf3 Nc6 3. Bc4 Nf6 4. d3 Be7 5. c3 h6 6. a4 O-O 7. O-O d5 8. exd5 Nxd5 9. Re1 Bf6 10. Nbd2 Nb6 11. Bb5 a6 12. Bxc6 bxc6 13. Ne4 Re8 14. d4 Bg4 15. Nxf6+ Qxf6 16. Rxe5 Bxf3 17. Qxf3 Rxe5 18. dxe5 Qxe5 19. Bf4 Qe6 20. Bxc7 Nxa4 21. b4 Rc8 22. Bf4 c5 23. h3 Nb2 24. bxc5 Rxc5 25. Qb7 Nd3 26. Be3 Rxc3 27. Rxa6 Qc4 28. Ra8+ Kh7 29. Qb8 Qc7 30. Qg8+ Kg6 31. g3 Ne1 32. Ra6+ Rc6 33. Ra7 Qe5 34. Qxf7+ Kh7 35. Rd7 Qf6 36. Qxf6 Rxf6 37. f4 Nc2 38. Bc5 Kg8 39. Rd2 Na1 40. Rd8+ Kf7 41. Bd4 Nb3 42. Bxf6 Kxf6 43. Kf2 Nc5 44. Kf3 Ne6 45. Rd6 Ke7 46. Rb6 h5 47. Ke4 g6 48. Ke5 Nf8 49. Rb7+ Nd7+ 50. Rxd7+ Kxd7 51. Kf6 h4 52. gxh4 Ke8 53. Kxg6 Kf8 54. f5 Kg8 55. f6 1-0

[Event "FIDE WYCC Girls U16 2023"]
[Site "Montesilvano"]
[Date "2023.11.16"]
[Round "4.18"]
[White "Bruessow, Nina"]
[Black "Sana Omprakash Kayyar"]
[Result "1-0"]
[ECO "C65"]
[WhiteElo "1863"]
[BlackElo "1562"]
[Annotator "NA COMBH"]
[PlyCount "146"]
[EventDate "2023.11.13"]
[EventType "swiss"]
[EventCountry "ITA"]
[SourceTitle "playchess.com"]
[Source "ChessBase"]
[SourceQuality "1"]
[TimeControl "40/5400+30:1800+30"]

1. e4 e5 2. Nf3 Nc6 3. Nc3 Nf6 4. Bb5 d6 5. O-O Be7 6. d3 O-O 7. Ne2 Bg4 8. c3 Re8 9. Ng3 a6 10. Ba4 Bf8 11. h3 Bd7 12. Re1 g6 13. d4 exd4 14. cxd4 Bg7 15. Bd2 b5 16. Bb3 h6 17. Qc1 a5 18. Bxh6 a4 19. Bc2 Nb4 20. Bxg7 Kxg7 21. e5 dxe5 22. dxe5 Nfd5 23. Be4 c6 24. a3 Na6 25. Qd2 Be6 26. Ng5 Nc5 27. Nxe6+ Nxe6 28. Rac1 Qb6 29. Bxd5 cxd5 30. Qxd5 Rac8 31. Ne4 Nf4 32. Qd6 Ne2+ 33. Kh2 Qxd6 34. Nxd6 Nxc1 35. Nxe8+ Rxe8 36. Rxc1 Rxe5 37. Rc2 Kf6 38. g4 Ke6 39. Kg3 Kd5 40. Kf4 g5+ 41. Kf3 Re7 42. Kg3 f6 43. h4 gxh4+ 44. Kxh4 Rh7+ 45. Kg3 Rg7 46. Kf4 Rg5 47. f3 Re5 48. Rg2 Rg5 49. Rh2 Kc4 50. Rh6 Kb3 51. Rxf6 Rc5 52. g5 Rc4+ 53. Kg3 Kxb2 54. Rf4 Rxf4 55. Kxf4 b4 56. axb4 a3 57. g6 a2 58. g7 a1=Q 59. g8=Q Qc1+ 60. Kf5 Qc2+ 61. Kf6 Qc3+ 62. Kg6 Qxf3 63. Qc4 Qg3+ 64. Kf6 Qd6+ 65. Kf5 Qf8+ 66. Ke5 Qe7+ 67. Kd4 Qd6+ 68. Ke4 Qg6+ 69. Ke3 Qg3+ 70. Kd2 Qd6+ 71. Ke3 Qg3+ 72. Kd4 Qf4+ 73. Kc5 Qc7+ 1-0

[Event "FIDE WYCC Girls U16 2023"]
[Site "Montesilvano"]
[Date "2023.11.16"]
[Round "4.19"]
[White "Kovacs, Reka"]
[Black "Djukic, Katarina"]
[Result "0-1"]
[ECO "B53"]
[WhiteElo "1840"]
[BlackElo "1536"]
[Annotator "NA RC"]
[PlyCount "66"]
[EventDate "2023.11.13"]
[EventType "swiss"]
[EventCountry "ITA"]
[SourceTitle "playchess.com"]
[Source "ChessBase"]
[SourceQuality "1"]
[TimeControl "40/5400+30:1800+30"]

1. e4 c5 2. Nf3 d6 3. d4 cxd4 4. Qxd4 Nc6 5. Bb5 Bd7 6. Bxc6 Bxc6 7. Nc3 e5 8. Qd3 Nf6 9. Bg5 Be7 10. O-O-O Ng4 11. Bxe7 Qxe7 12. Rd2 Rd8 13. h3 Nf6 14. Qe3 b5 15. Nd5 Bxd5 16. exd5 h6 17. Qd3 Qb7 18. Nh4 g6 19. Re1 Nh5 20. Qe3 Kf8 21. Qf3 Kg7 22. Nf5+ Kh7 23. g3 Qd7 24. Nh4 a5 25. Ng2 b4 26. g4 Ng7 27. b3 a4 28. Re4 Rb8 29. Ne1 Rhc8 30. Kb2 Rc3 31. Re3 Qc7 32. Rxc3 bxc3+ 33. Qxc3 a3+ 0-1

[Event "FIDE WYCC Girls U16 2023"]
[Site "Montesilvano"]
[Date "2023.11.16"]
[Round "4.20"]
[White "Enkhrii Enkh-Amgalan"]
[Black "Ismayil, Seljan"]
[Result "1/2-1/2"]
[ECO "C43"]
[WhiteElo "1821"]
[BlackElo "1384"]
[Annotator "NA RC"]
[PlyCount "63"]
[EventDate "2023.11.13"]
[EventType "swiss"]
[EventCountry "ITA"]
[SourceTitle "playchess.com"]
[Source "ChessBase"]
[SourceQuality "1"]
[TimeControl "40/5400+30:1800+30"]

1. e4 e5 2. Nf3 Nf6 3. d4 Nxe4 4. Bd3 d5 5. Nxe5 Nd7 6. O-O Nxe5 7. dxe5 Bc5 8. Bxe4 dxe4 9. Qxd8+ Kxd8 10. Nc3 Bf5 11. Bg5+ Ke8 12. Nd5 Rc8 13. Rad1 c6 14. Nc3 Bb4 15. Nxe4 Bxe4 16. Rd4 Bxc2 17. Rxb4 b6 18. Rc1 Bf5 19. Ra4 h6 20. Be3 Rc7 21. h3 Ke7 22. g4 Be6 23. f4 f5 24. exf6+ Kxf6 25. Bd4+ Kf7 26. Be5 Rb7 27. Rd1 Bd5 28. Rad4 Re8 29. a3 Ke6 30. R4d2 Kf7 31. Rf1 Rbe7 32. Kh2 1/2-1/2

[Event "FIDE WYCC Girls U16 2023"]
[Site "Montesilvano"]
[Date "2023.11.16"]
[Round "4.21"]
[White "Hayrapetyan, Nvard"]
[Black "Nuriyeva, Nurtan"]
[Result "1-0"]
[ECO "B23"]
[WhiteElo "1462"]
[BlackElo "1809"]
[Annotator "NA RC"]
[PlyCount "91"]
[EventDate "2023.11.13"]
[EventType "swiss"]
[EventCountry "ITA"]
[SourceTitle "playchess.com"]
[Source "ChessBase"]
[SourceQuality "1"]
[TimeControl "40/5400+30:1800+30"]

1. e4 c5 2. Nc3 d6 3. d4 cxd4 4. Qxd4 Nf6 5. b3 g6 6. Bb2 Bg7 7. O-O-O Nbd7 8. f4 Qb6 9. Qxb6 Nxb6 10. h3 h5 11. Bd3 O-O 12. Nf3 Rd8 13. Kb1 a6 14. a4 Ne8 15. a5 Nd7 16. Bc4 e6 17. Ng5 Bf6 18. Bxe6 Bxg5 19. Bxd7 Bxf4 20. Bxe8 Rxe8 21. Nd5 Bg3 22. Nc7 Be6 23. Nxa8 Rxa8 24. Ba3 Rd8 25. Rd3 Be5 26. Rhd1 Rc8 27. Bxd6 Bc3 28. b4 Rc4 29. Bc5 Bf6 30. Re1 Be5 31. Ree3 Kg7 32. c3 f6 33. Bd6 Bxd6 34. Rxd6 Kf7 35. Kc2 g5 36. Rb6 Rc7 37. Rd3 f5 38. Rdd6 Re7 39. exf5 Bxf5+ 40. Kd2 Be4 41. g3 Bg2 42. Rf6+ Ke8 43. Rfe6 Rxe6 44. Rxe6+ Kf7 45. Rh6 Bxh3 46. Rxh5 1-0

[Event "FIDE WYCC Girls U16 2023"]
[Site "Montesilvano"]
[Date "2023.11.16"]
[Round "4.22"]
[White "Schippke, Manon"]
[Black "Zhanybekova, Begimay"]
[Result "1-0"]
[ECO "C45"]
[WhiteElo "2110"]
[BlackElo "1664"]
[Annotator "NA RC"]
[PlyCount "53"]
[EventDate "2023.11.13"]
[EventType "swiss"]
[EventCountry "ITA"]
[SourceTitle "playchess.com"]
[Source "ChessBase"]
[SourceQuality "1"]
[TimeControl "40/5400+30:1800+30"]

1. e4 e5 2. Nf3 Nc6 3. d4 exd4 4. Nxd4 Nf6 5. Nxc6 bxc6 6. Qe2 Bb4+ 7. c3 Be7 8. e5 Nd5 9. c4 Ba6 10. Qg4 Nb4 11. Qxg7 Rf8 12. Qxh7 c5 13. Be2 Bg5 14. f4 Be7 15. O-O Bb7 16. Nc3 d6 17. exd6 cxd6 18. Bg4 Nc6 19. Be3 Nd4 20. Rae1 f5 21. Qg6+ Kd7 22. Bxd4 fxg4 23. Qe6+ Ke8 24. Nb5 Qd7 25. Nxd6+ Kd8 26. Nxb7+ Qxb7 27. Bg7 1-0

[Event "FIDE WYCC Girls U16 2023"]
[Site "Montesilvano"]
[Date "2023.11.16"]
[Round "4.23"]
[White "Bochnickova, Simona"]
[Black "Omeri, Eklea"]
[Result "1-0"]
[ECO "B08"]
[WhiteElo "2043"]
[BlackElo "1660"]
[Annotator "NA RC"]
[PlyCount "73"]
[EventDate "2023.11.13"]
[EventType "swiss"]
[EventCountry "ITA"]
[SourceTitle "playchess.com"]
[Source "ChessBase"]
[SourceQuality "1"]
[TimeControl "40/5400+30:1800+30"]

1. e4 d6 2. d4 c6 3. Nc3 Nf6 4. Nf3 g6 5. Be3 Bg7 6. h3 Qc7 7. Qd2 O-O 8. Bd3 Nfd7 9. Bh6 e5 10. O-O-O b5 11. Qg5 Re8 12. Ne2 Nf8 13. Bxg7 Kxg7 14. Ng3 h6 15. Qd2 a5 16. Nh2 exd4 17. Ng4 Nbd7 18. c3 Nf6 19. Kb1 Be6 20. Bc2 Rad8 21. cxd4 Ng8 22. Nf5+ Bxf5 23. exf5 h5 24. f6+ Kh8 25. Nh6 Nxf6 26. Nxf7+ Kg7 27. Nxd8 d5 28. Rhe1 Qxd8 29. Re4 Ne6 30. Re3 b4 31. Rde1 Qd7 32. Rg3 Nf8 33. Rxe8 Qxe8 34. Qe3 Qd7 35. Qe5 Qa7 36. Rf3 N8h7 37. g4 1-0

[Event "FIDE WYCC Girls U16 2023"]
[Site "Montesilvano"]
[Date "2023.11.16"]
[Round "4.24"]
[White "Sawan, Eman"]
[Black "Lobo Pereira, Arami"]
[Result "1-0"]
[ECO "B31"]
[WhiteElo "1662"]
[BlackElo "2013"]
[Annotator "NA RC"]
[PlyCount "89"]
[EventDate "2023.11.13"]
[EventType "swiss"]
[EventCountry "ITA"]
[SourceTitle "playchess.com"]
[Source "ChessBase"]
[SourceQuality "1"]
[TimeControl "40/5400+30:1800+30"]

1. e4 c5 2. Nf3 Nc6 3. Bb5 g6 4. O-O Bg7 5. Re1 e5 6. Bxc6 dxc6 7. d3 Qc7 8. Be3 b6 9. a4 a5 10. Na3 Ne7 11. Nc4 O-O 12. Qd2 f6 13. Nh4 Be6 14. b3 g5 15. Nf3 Ng6 16. Rf1 Rad8 17. Ne1 h6 18. g3 f5 19. exf5 Bxf5 20. Qe2 Rf7 21. Rd1 Rdf8 22. Ng2 Bh3 23. Qh5 Bxg2 24. Kxg2 Ne7 25. h4 gxh4 26. Qxh4 Nf5 27. Qe4 Nd6 28. Nxd6 Qxd6 29. Rh1 Rf3 30. Rh4 Qf6 31. Rd2 Rf7 32. Rg4 Rf5 33. Qc4 h5 34. Rh4 Bh6 35. Qe4 Rf3 36. Bxh6 Qxh6 37. Re2 Qf6 38. Rxh5 Rxf2+ 39. Rxf2 Qxf2+ 40. Kh3 Qf1+ 41. Kh4 Rg7 42. Qxc6 Kf7 43. Qd7+ Kg8 44. Qe8+ Qf8 45. Rh8+ 1-0

[Event "FIDE WYCC Girls U16 2023"]
[Site "Montesilvano"]
[Date "2023.11.16"]
[Round "4.25"]
[White "Lazovic, Emilija"]
[Black "Hubert, Charlotte"]
[Result "0-1"]
[ECO "B90"]
[WhiteElo "1690"]
[BlackElo "1881"]
[Annotator "NA COMBH"]
[PlyCount "130"]
[EventDate "2023.11.13"]
[EventType "swiss"]
[EventCountry "ITA"]
[SourceTitle "playchess.com"]
[Source "ChessBase"]
[SourceQuality "1"]
[TimeControl "40/5400+30:1800+30"]

1. e4 c5 2. Nf3 d6 3. d4 cxd4 4. Nxd4 Nf6 5. Nc3 a6 6. a4 e5 7. Nf3 Be7 8. Bg5 Be6 9. Bxf6 Bxf6 10. Nd5 Nd7 11. Bc4 Rc8 12. Qe2 Nb6 13. Nxb6 Qxb6 14. Bxe6 fxe6 15. c3 O-O 16. O-O Qc6 17. Rfd1 Be7 18. Rd3 Rf4 19. Nd2 Bd8 20. Rf3 Rxf3 21. Nxf3 Bb6 22. Qc2 Rf8 23. Re1 Qc4 24. Re2 Rf4 25. h3 a5 26. Qd1 Qc6 27. Qb3 Rf6 28. Rd2 h6 29. Qd1 Bc5 30. Qc2 Qb6 31. Re2 g5 32. Qd2 Rf4 33. Ne1 Qc6 34. Qc2 Bb6 35. Nf3 Qc4 36. Qd1 Qc5 37. Qc2 Kg7 38. Ne1 Qc4 39. Nf3 Kg6 40. Qd1 Bc5 41. Nd2 Qd3 42. Qe1 Qc2 43. Nc4 Qxa4 44. Nxa5 Qxa5 45. b4 Bxf2+ 46. Rxf2 Qb6 47. Kf1 Qc6 48. Rxf4 Qc4+ 49. Kg1 exf4 50. Kh2 Kf6 51. Qd2 Ke5 52. Qe1 Qxe4 53. Qf1 Qd5 54. Qe2+ Kf6 55. Qh5 Kg7 56. Qe8 Qe5 57. Qe7+ Kg6 58. Qe8+ Kf5 59. Qf7+ Ke4 60. Qh7+ Ke3 61. Qxb7 f3+ 62. Kg1 f2+ 63. Kf1 Kd2 64. Kxf2 Qe3+ 65. Kf1 Qe1# 0-1

[Event "FIDE WYCC Girls U16 2023"]
[Site "Montesilvano"]
[Date "2023.11.16"]
[Round "4.26"]
[White "Jansone, Melanija Luize"]
[Black "Vlasova, Olesia"]
[Result "0-1"]
[ECO "C45"]
[WhiteElo "1658"]
[BlackElo "1850"]
[Annotator "NA RC"]
[PlyCount "80"]
[EventDate "2023.11.13"]
[EventType "swiss"]
[EventCountry "ITA"]
[SourceTitle "playchess.com"]
[Source "ChessBase"]
[SourceQuality "1"]
[TimeControl "40/5400+30:1800+30"]

1. e4 e5 2. Nf3 Nc6 3. d4 exd4 4. Nxd4 Bc5 5. Be3 Qf6 6. c3 Nge7 7. Bc4 b6 8. O-O Bb7 9. f4 O-O-O 10. a3 d5 11. e5 Qh6 12. Bb5 Nxe5 13. Re1 Bxd4 14. Bxd4 N5g6 15. Qg4+ f5 16. Qg3 c5 17. Bf2 a6 18. Ba4 Bc6 19. Bxc6 Nxc6 20. Qd3 Kb7 21. g3 Nge7 22. b4 c4 23. Qe3 d4 24. cxd4 Nd5 25. Qf3 Qd6 26. Nd2 b5 27. Re2 Rhe8 28. Rae1 Rxe2 29. Rxe2 Nf6 30. h3 Kb8 31. d5 Qxd5 32. Qxd5 Rxd5 33. Kg2 Rd3 34. Nb1 Rb3 35. Re1 Ne4 36. Kg1 c3 37. Rc1 c2 38. Rxc2 Rxb1+ 39. Kg2 Kb7 40. g4 g6 0-1

[Event "FIDE WYCC Girls U16 2023"]
[Site "Montesilvano"]
[Date "2023.11.16"]
[Round "4.27"]
[White "Karimova, Guldona"]
[Black "Bruntse, Caroline Lindegaard"]
[Result "1-0"]
[ECO "C66"]
[WhiteElo "1835"]
[BlackElo "1568"]
[Annotator "NA RC"]
[PlyCount "73"]
[EventDate "2023.11.13"]
[EventType "swiss"]
[EventCountry "ITA"]
[SourceTitle "playchess.com"]
[Source "ChessBase"]
[SourceQuality "1"]
[TimeControl "40/5400+30:1800+30"]

1. e4 e5 2. Nf3 Nc6 3. Bb5 Nf6 4. O-O d6 5. d4 exd4 6. Nxd4 Bd7 7. Nc3 Be7 8. Bxc6 bxc6 9. Qf3 c5 10. Nf5 Bxf5 11. Qxf5 O-O 12. Re1 Re8 13. h3 h6 14. Be3 Bf8 15. Rad1 Qb8 16. b3 Re5 17. Qf3 Qb7 18. Bf4 Re6 19. Qd3 Rae8 20. f3 Nd7 21. Qd2 Ne5 22. Nd5 Nc6 23. Bg3 Nb4 24. Nf4 R6e7 25. c3 Nc6 26. h4 Rd8 27. h5 Ree8 28. Nd5 Be7 29. f4 f6 30. Qe2 a6 31. Qg4 Qc8 32. Qg6 Nb8 33. Ne3 Bf8 34. Nf5 Kh8 35. Bh4 Nd7 36. Rd3 Re6 37. Rg3 1-0

[Event "FIDE WYCC Girls U16 2023"]
[Site "Montesilvano"]
[Date "2023.11.16"]
[Round "4.28"]
[White "Kosma, Maria"]
[Black "Di Fabio, Sara"]
[Result "1-0"]
[ECO "B13"]
[WhiteElo "1780"]
[BlackElo "1517"]
[Annotator "NA RC"]
[PlyCount "61"]
[EventDate "2023.11.13"]
[EventType "swiss"]
[EventCountry "ITA"]
[SourceTitle "playchess.com"]
[Source "ChessBase"]
[SourceQuality "1"]
[TimeControl "40/5400+30:1800+30"]

1. e4 c6 2. d4 d5 3. exd5 cxd5 4. Bd3 Nf6 5. h3 Nc6 6. c3 e5 7. dxe5 Nxe5 8. Nf3 Nxd3+ 9. Qxd3 Be7 10. O-O O-O 11. Be3 Qc7 12. Bd4 Qf4 13. Re1 Bf5 14. Qd1 Be4 15. Nbd2 Bd6 16. Bxf6 Bxf3 17. Nxf3 Qxf6 18. Qxd5 Rfd8 19. Qe4 Bc5 20. Re2 Rd7 21. Rae1 g6 22. Qc4 Rc7 23. Qg4 Rd8 24. Ng5 Kg7 25. Ne4 Qc6 26. Qf4 Be7 27. Ng3 Bd6 28. Nf5+ Kg8 29. Qh4 Rcc8 30. Nh6+ Kg7 31. Nxf7 1-0

[Event "FIDE WYCC Girls U16 2023"]
[Site "Montesilvano"]
[Date "2023.11.16"]
[Round "4.29"]
[White "Vukovic, Sara"]
[Black "Gvatua, Mariam"]
[Result "0-1"]
[ECO "B32"]
[WhiteElo "1340"]
[BlackElo "1701"]
[Annotator "NA RC"]
[PlyCount "158"]
[EventDate "2023.11.13"]
[EventType "swiss"]
[EventCountry "ITA"]
[SourceTitle "playchess.com"]
[Source "ChessBase"]
[SourceQuality "1"]
[TimeControl "40/5400+30:1800+30"]

1. e4 c5 2. Nf3 Nc6 3. d4 cxd4 4. Nxd4 d6 5. Bc4 Nf6 6. Nc3 e5 7. Nf3 Be7 8. O-O h6 9. h3 O-O 10. Ne1 a6 11. Bb3 b5 12. a3 Bb7 13. f4 Nd4 14. Bd5 Bxd5 15. exd5 Qc8 16. Nf3 Qc5 17. Be3 Nxd5 18. Nxd5 Qxd5 19. Nxd4 exd4 20. Qxd4 Qc6 21. c3 Bf6 22. Qd3 Rfe8 23. Bd4 Bxd4+ 24. Qxd4 Re2 25. Rf2 Rae8 26. Rd1 Re1+ 27. Rxe1 Rxe1+ 28. Kh2 Re4 29. Qd3 d5 30. g3 Qc5 31. Rd2 Re1 32. Rg2 a5 33. Qd2 Re4 34. Re2 Qc4 35. Rxe4 Qxe4 36. Qg2 Qd3 37. Qf2 g6 38. Kg2 Qe4+ 39. Kf1 Qh1+ 40. Ke2 Qxh3 41. Kf3 Qh1+ 42. Ke2 Qb1 43. Ke3 Kg7 44. Kd4 Qe4+ 45. Kc5 Qc4+ 46. Kb6 Qb3 47. Kxa5 Kh7 48. Kb6 h5 49. Kc6 Kh6 50. Kd6 Kh7 51. Qd2 Kg8 52. Qe2 Kh7 53. Kc5 Qa4 54. Kxd5 Qa5 55. Kc6 Qa6+ 56. Kc5 Qb7 57. Kd6 Kg7 58. Qe5+ Kg8 59. Qe8+ Kg7 60. Qc6 Qb8+ 61. Kd5 Qd8+ 62. Qd6 Qa8+ 63. Qc6 Qd8+ 64. Ke4 Qd2 65. Qxb5 Qg2+ 66. Ke3 Qxg3+ 67. Ke4 Qg2+ 68. Ke3 Qg3+ 69. Ke4 h4 70. Qg5 f5+ 71. Kd4 Qxg5 72. fxg5 h3 73. b4 h2 74. b5 h1=Q 75. a4 Qe4+ 76. Kc5 Qxa4 77. b6 Qd7 78. Kb4 f4 79. Ka5 Qb7 0-1

[Event "FIDE WYCC Girls U16 2023"]
[Site "Montesilvano"]
[Date "2023.11.16"]
[Round "4.30"]
[White "Deak-Sala, Emilia"]
[Black "Chang, Yolanda"]
[Result "1-0"]
[ECO "B13"]
[WhiteElo "1927"]
[BlackElo "1639"]
[Annotator "RC"]
[PlyCount "97"]
[EventDate "2023.11.13"]
[EventType "swiss"]
[EventCountry "ITA"]
[SourceTitle "playchess.com"]
[Source "ChessBase"]
[SourceQuality "1"]
[TimeControl "40/5400+30:1800+30"]

1. e4 c6 2. d4 d5 3. exd5 cxd5 4. Bd3 Nc6 5. c3 Qc7 6. Ne2 Bg4 7. O-O Bxe2 8. Qxe2 e6 9. Nd2 Bd6 10. Nf3 Nf6 11. Re1 Nd7 12. Bd2 h5 13. Rac1 Bf4 14. c4 Nf6 15. b4 Bxd2 16. Qxd2 Qb6 17. b5 Nxd4 18. Nxd4 Qxd4 19. Rxe6+ Kf8 20. Ree1 Rh6 21. c5 Ne4 22. Qe3 Qa4 23. f3 Nf6 24. Qe7+ Kg8 25. Qxb7 Qd4+ 26. Kh1 Rf8 27. Red1 Qf4 28. b6 Ng4 29. fxg4 hxg4 30. Qc7 Rxh2+ 31. Kg1 Rxg2+ 32. Kxg2 Qf3+ 33. Kg1 Qe3+ 34. Kf1 g3 35. Rc2 Qf3+ 36. Ke1 g2 37. Kd2 Qxd1+ 38. Kxd1 g1=Q+ 39. Kd2 Re8 40. Kc3 Qe1+ 41. Kb3 Qd1 42. Qg3 axb6 43. cxb6 Qb1+ 44. Rb2 Qd1+ 45. Kb4 Qc1 46. Rg2 g6 47. b7 d4 48. b8=Q Qc3+ 49. Kb5 1-0